 Dungeon Crawl Stone Soup version 0.30-a0-310-g7d6cbdfea6 (webtiles) character file.

Game seed: 3149573509712504267

307647 Zonian the Warrior (level 22, -1/174 HPs)
             Began as a Djinni Ice Elementalist on Oct 23, 2022.
             Was an Elder of Elyvilon.
             Killed from afar by Boris (73 damage)
             ... with an iron shot
             ... on level 2 of the Vaults on Oct 25, 2022.
             The game lasted 05:33:58 (81053 turns).

Zonian the Warrior (Djinni Ice Elementalist)       Turns: 81053, Time: 05:33:59

Health: -1/174     AC: 15    Str:  9    XL:     22   Next: 12%
Gold:   763        EV: 18    Int: 24    God:    Elyvilon [****..] SH: 14 Dex: 29

rFire   + . .      SeeInvis .    V - +7 quick blade (elec)
rCold   + . .      Faith    .    y - +2 buckler
rNeg    . . .      Spirit   .    v - +1 ring mail of Divine Intervention {rC+ Will+}
rPois   ∞          Reflect  +    g - +2 hat {Will+}
rElec   .          Harm     .    h - +2 cloak "Datiwnil" {Dex+7}
rCorr   .          Rampage  .    f - +2 pair of gloves
Will    ++++.                    (boots unavailable)
Stlth   ++++......               d - amulet of reflection
HPRegen 0.49/turn                F - ring of ice
MPRegen 0.00/turn                B - +6 ring of dexterity

@: mighty, flying, studying Long Blades
A: sickness immunity, fire resistance 2, cold vulnerability 1, float, innate
caster, HP casting, extra vitality 1
}: 2/15 runes: serpentine, barnacled
a: Renounce Religion, Purification, Heal Other, Heal Self


You were on level 2 of the Vaults.
You worshipped Elyvilon.
Elyvilon was greatly pleased with you.
You visited 8 branches of the dungeon, and saw 36 of its levels.
You visited the Abyss 1 time.
You also visited: Ossuary and Gauntlet.

You collected 4661 gold pieces.
You spent 3898 gold pieces at shops.

Inventory:

Hand Weapons
 a - the +9 broad axe of Embarrassment {antimagic, Str+4}
   (You took it off a centaur warrior on level 13 of the Dungeon)

   It reduces the magical energy of the wielder, and disrupts the spells and
   magical abilities of those it strikes.
   Natural abilities and divine invocations are not affected.
   Str:       It affects your strength (+4).
 j - a +6 sling of electrocution
 q - the +7 short sword "Xyodeuraa" {flame, rC- rN+ Dex+3}
   (You took it off a kobold on level 2 of the Dungeon)

   It burns those it strikes, dealing additional fire damage.
   Dex:       It affects your dexterity (+3).
   rC:        It makes you vulnerable to cold.
   rN:        It protects you from negative energy.
 K - a +1 short sword of venom
 V - a +7 quick blade of electrocution (weapon)
Missiles
 i - 50 boomerangs
 C - a silver javelin
 O - 16 curare-tipped darts
 R - 18 javelins
Armour
 e - +0 ice dragon scales
 f - a +2 pair of gloves (worn)
 g - a +2 hat of willpower (worn)
 h - the +2 cloak "Datiwnil" (worn) {Dex+7}
   (You found it in a Gauntlet)

   Dex:       It affects your dexterity (+7).
 v - the +1 ring mail of Divine Intervention (worn) {rC+ Will+}
   (You took it off a deep elf blademaster on level 3 of the Elven Halls)

   rC:        It protects you from cold.
   Will:      It increases your willpower.
 y - a +2 buckler (worn)
 P - the +3 leather armour "Mefrec" {rElec Str+4 SInv}
   (You bought it in a shop on level 2 of the Orcish Mines)

   Str:       It affects your strength (+4).
   rElec:     It insulates you from electricity.
   SInv:      It lets you see invisible.
 Y - a +2 ring mail of cold resistance
Jewellery
 d - an amulet of reflection (around neck)
 r - the ring "Notimn" {Ice Str-5 Int+3 Stlth+}
   (You took it off a deep elf elementalist on level 3 of the Elven Halls)

   [ring of ice]

   It enhances your ice magic.
   Str:       It affects your strength (-5).
   Int:       It affects your intelligence (+3).
   rF:        It makes you vulnerable to fire.
   rC:        It protects you from cold.
   Stlth:     It makes you more stealthy.
 u - a ring of resist corrosion
 z - a +6 ring of dexterity
 B - a +6 ring of dexterity (right hand)
 F - a ring of ice (left hand)
 H - the ring of Keevaihi {Wiz rF++ rC- Int+6}
   (You found it on level 4 of the Shoals)

   [ring of wizardry]

   It improves your spell success rate.
   Int:       It affects your intelligence (+6).
   rF:        It greatly protects you from fire.
   rC:        It makes you vulnerable to cold.
 T - a +4 ring of protection
Wands
 x - a wand of quicksilver (4)
 J - a wand of flame (49)
 M - a wand of mindburst (26)
 S - a wand of paralysis (14)
 U - a wand of digging (12)
 W - a wand of roots (11)
Scrolls
 k - 5 scrolls of poison
 n - 7 scrolls of fear
 s - a scroll of enchant armour
 D - 2 scrolls of teleportation
 E - 3 scrolls of fog
 G - 4 scrolls of blinking
 N - a scroll of brand weapon
 Z - a scroll of summoning
Potions
 l - 3 potions of invisibility
 m - 4 potions of berserk rage
 p - 7 potions of curing
 t - 6 potions of lignification
 w - 4 potions of brilliance
 A - 4 potions of might
 I - a potion of resistance
 L - 3 potions of cancellation
Miscellaneous
 b - a phial of floods
 c - a phantom mirror
 X - a piece from Xom's chessboard (15/15)


   Skills:
 - Level 19.6 Fighting
 - Level 10.0 Short Blades
 - Level 4.0 Throwing
 - Level 5.0 Armour
 - Level 10.1 Dodging
 - Level 9.5 Stealth
 - Level 4.0 Shields
 + Level 16.6 Spellcasting
 - Level 17.1 Invocations
 - Level 10.0 Evocations


You couldn't memorise any spells.
You knew the following spells:

 Your Spells              Type           Power      Damage    Failure   Level
a - Freeze                Ice            100%       1d10      0%          1
b - Frozen Ramparts       Ice            100%       1d16      1%          3
c - Ozocubu's Armour      Ice            99%        N/A       1%          3
d - Summon Ice Beast      Ice/Summ       99%        N/A       1%          4
e - Kiss of Death         Conj/Necr      100%       2d13      0%          1
f - Wereblood             Tmut           79%        N/A       0%          2
g - Searing Ray           Conj           100%       2d8       0%          2
h - Teleport Other        Tloc           79%        N/A       1%          3
i - Freezing Cloud        Conj/Ice/Air   49%        6-21      1%          5
j - Metabolic Englaciati  Hex/Ice        49%        N/A       1%          5
k - Death Channel         Necr           39%        N/A       1%          6
l - Eringya's Noxious Bo  Tmut/Pois      39%        N/A       1%          6
m - Ozocubu's Refrigerat  Ice            49%        4d18      9%          7
n - Orb of Destruction    Conj           39%        9d11      9%          7
Your spell library was empty.

Dungeon Overview and Level Annotations

Branches:
Dungeon (15/15)            Temple (1/1) D:4            Lair (5/5) D:9
 Shoals (4/4) Lair:2        Snake (4/4) Lair:3        Slime (0/5) Lair:5
    Orc (2/2) D:12            Elf (3/3) Orc:2        Vaults (2/5) D:13
 Depths (0/4) D:15        Ossuary (visited)         Gauntlet (visited)
  Crypt: Vaults:2-3

Altars:
Ashenzari
Cheibriados
Dithmenos
Elyvilon
Fedhas
Gozag
Hepliaklqana
Makhleb
Nemelex Xobeh
Okawaru
Qazlal
Ru
Trog
Uskayaw
Wu Jian
Xom
Yredelemnul
Zin
The Shining One
Jiyva
Lugonu

Shops:
D:9 *   D:12 :?   D:13 :   D:14 (*   D:15 ?[   Orc:2 [([*   Elf:2 ((
Snake:1 ?   Snake:2 :!   Snake:3 ==:

Portals:
Abyss: Lair:5
Trove: D:13 (show slimy rune of Zot)

Annotations:
D:13 Rupert
D:15 3 runed translucent doors, porpoise's ghost, journeyman MfMo
Lair:1 4 transporters, elisander's ghost, journeyman DsBr
Snake:4 Vashnia
Elf:2 5 runed translucent doors
Elf:3 Roxanne
Vaults:2 Boris


Innate Abilities, Weirdness & Mutations

You are immune to sickness and miasma.
You are immune to poison.
Your flesh is very heat resistant. (rF++)
You are vulnerable to cold. (rC-)
You float through the air rather than walking.
You learn spells naturally, not from books.
Your magical power is your life essence.
You have superior vitality. (+4 MHP)


Message History

The silver javelin pierces through Boris!
Boris is moderately damaged.
Boris casts a spell.
Boris flickers and vanishes!
Unknown command.
You closely miss something. Something hits you!!
Something touches you but does no damage.
Unknown command.
You puncture something!
Unknown command.
You hit something but do no damage.
Unknown command.
Okay, then.
Aiming: Quicksilver Bolt
Press: ? - help, Shift-Dir - straight line The bolt of dispelling energy hits something!
Reactivating autopickup.
Boris's magical effects unravel!
Boris gestures at you while chanting. The iron shot hits you!!
Aiming: Quicksilver Bolt
Press: ? - help, Shift-Dir - straight line, f - Boris
Aim: Boris, wielding a +0 scimitar and wearing a +2 robe (heavily damaged, 76% to hit)
The bolt of dispelling energy misses Boris.
Boris hits you with a +0 scimitar! Boris touches you!
Unknown command.
You hit Boris.
Boris is heavily damaged.
Boris gestures wildly while chanting.
Boris flickers and vanishes!
Deactivating autopickup; reactivate with Ctrl-A.
Unknown command.
Aiming: Quicksilver Bolt
Press: ? - help, Shift-Dir - straight line The bolt of dispelling energy hits something!!
Reactivating autopickup.
Boris's magical effects unravel!
Boris gestures at you while chanting. The iron shot hits you!!!!
You die...

##################
.................#######
.......?................
.....=..................
........................
..[.....................
#.........@................
#........L..........###'###
#....########.......#......
#....#<.....#.^.....#......
#....#....<.#.......#......
#....#......#.......#....>.
#....#......#.......#......
#..).#......#.......'......
#..).#[.....#..)....#######


You could see Boris.

Vanquished Creatures
  Bai Suzhen (Elf:3)
  Mlioglotl (Shoals:3)
  2 deep elf blademasters (Elf:3)
  2 deep elf master archers (Elf:3)
  A quicksilver dragon (Abyss:3)
  A sphinx (Vaults:1)
  A tentacled starspawn (Abyss:3)
  Frances (D:14)
  A tengu reaver (Vaults:1)
  Ilsuiw (Shoals:3)
  13 nagarajas
  A frost giant (Vaults:1)
  4 deep elf sorcerers (Elf:3)
  2 orc warlords
  3 deep elf elementalists (Elf:3)
  Aizul (Snake:2)
  5 vault wardens
  A draconian stormcaller (Abyss:3)
  A war gargoyle (Vaults:1)
  A very ugly thing (Abyss:3)
  10 ironbound preservers
  5 deep elf annihilators (Elf:3)
  4 deep elf demonologists
  Azrael (D:14)
  An ironbound thunderhulk (Vaults:1)
  A minotaur (Gauntlet)
  4 dire elephants
  Snorg (Lair:3)
  5 merfolk javelineers
  3 merfolk impalers (Shoals:4)
  7 deep elf death magi (Elf:3)
  An ettin (Vaults:2)
  An entropy weaver (Vaults:1)
  4 deep elf high priests
  2 great orbs of eyes (Vaults:1)
  3 yaktaur captains (Vaults:1)
  Josephine (Lair:5)
  A rakshasa (Abyss:3)
  5 hydras
  6 vault guards
  A peacekeeper (Vaults:2)
  4 salamander tyrants (Snake:4)
  5 centaur warriors
  5 anacondas
  2 ironbound frosthearts
  4 merfolk avatars
  4 alligator snapping turtles
  5 two-headed ogres
  2 death knights
  2 catoblepae
  5 merfolk aquamancers
  2 satyrs (Shoals:3)
  3 boulder beetles
  A tengu warrior (D:15)
  14 naga sharpshooters
  16 dancing weapons
  17 naga warriors
  2 orc high priests
  Urug (Lair:2)
  A soul eater (Abyss:3)
  7 thrashing horrors
  8 deep elf knights
  6 shock serpents
  Sonja (Lair:4)
  Amaemon (D:8)
  A titan skeleton (Vaults:2)
  3 wretched stars (Abyss:3)
  A sixfirhy (Abyss:3)
  6 skeletal warriors
  2 salamander mystics (Snake:4)
  34 deep trolls
  17 sea snakes
  A sea snake (shapeshifter) (Gauntlet)
  Lodul (D:14)
  5 naga ritualists
  2 phantasmal warriors
  A glowing orange brain (Abyss:3)
  Pikel (D:7)
  2 lindwurms
  9 deep elf archers
  6 ironbound convokers
  6 orc knights
  15 deep elf zephyrmancers
  5 harpies
  19 deep elf pyromancers
  10 mana vipers
  16 manticores
  19 fauns
  A necromancer (Vaults:2)
  2 orc sorcerers
  2 wolf spiders (D:15)
  An oklob plant (Lair:5)
  7 cyclopes
  17 ugly things
  12 salamanders
  A spectral centaur (D:12)
  2 water nymphs (Shoals:1)
  9 large abominations
  Joseph (D:10)
  A dire elephant zombie (Abyss:3)
  2 centaur zombies (D:12)
  9 elephants
  6 merfolk sirens
  4 vault sentinels (Vaults:1)
  9 naga magi
  2 orange demons
  2 smoke demons
  23 black mambas
  9 guardian serpents
  10 cane toads
  2 centaur skeletons (D:12)
  2 gargoyles (D:13)
  2 kobold demonologists
  2 unseen horrors (D:11)
  4 ancient zymes
  A rime drake (Lair:1)
  A tengu conjurer (D:15)
  3 efreet
  5 komodo dragons
  A freezing wraith (D:13)
  15 yaktaurs
  10 trolls
  19 merfolk
  A hornet (D:9)
  7 wind drakes
  Prince Ribbit (D:8)
  A tarantella (shapeshifter) (Lair:5)
  2 dream sheep (Shoals:2)
  13 raiju (Abyss:3)
  7 slime creatures
  13 blink frogs
  7 snapping turtles
  2 air elementals
  A jumping spider (shapeshifter) (Lair:5)
  An ettin skeleton (Abyss:3)
  3 flying skulls (Abyss:3)
  2 spriggans (Lair:5)
  6 wraiths
  2 shadows
  5 ynoxinuls
  8 water elementals
  7 humans (D:13)
  52 yaks
  Grum (D:10)
  3 wyverns
  3 basilisks
  2 neqoxecs (Abyss:3)
  4 chaos spawn
  4 fire elementals
  11 vampire mosquitoes
  3 steam dragons
  Menkaure (D:4)
  5 wargs
  48 nagas
  2 acid dragons
  A harpy simulacrum (Abyss:3)
  2 hell hounds (D:14)
  14 small abominations
  Duvessa (D:4)
  12 water moccasins
  2 swamp worms (D:12)
  A black bear (shapeshifter) (Lair:5)
  42 orc warriors
  2 ice beasts
  2 black bears
  2 wolves (D:10)
  11 centaurs
  17 ogres
  3 lemures (D:7)
  3 phantoms
  A human skeleton (Vaults:2)
  4 kobold brigands
  11 bullfrogs
  3 earth elementals
  A gnoll sergeant (D:7)
  2 scorpions (D:4)
  5 wights (Abyss:3)
  21 killer bees
  Dowan (D:4)
  2 howler monkeys (D:11)
  8 electric eels
  3 crimson imps (Gauntlet)
  A lava snake (Lair:4)
  2 quasits (Abyss:3)
  A jelly (D:6)
  Crazy Yiuf (D:2)
  5 hounds
  24 orc priests
  A gnoll bouda (D:8)
  4 iguanas
  29 orc wizards
  5 hell rats (Lair:5)
  8 mummies (Ossuary)
  14 gnolls
  7 adders
  3 white imps
  3 ufetubi
  3 worms
  2 dart slugs (D:2)
  101 orcs
  6 endoplasms
  2 giant cockroaches
  A gnoll zombie (Ossuary)
  5 goblins
  7 hobgoblins
  2 jackals (D:5)
  2 quokkas
  5 ball pythons
  A bat (D:2)
  3 frilled lizards
  2 hobgoblin zombies (Ossuary)
  16 kobolds
  2 kobold zombies (Ossuary)
  3 orc zombies (Ossuary)
  3 rats
  2 rat zombies (D:8)
1291 creatures vanquished.

Vanquished Creatures (collateral kills)
  A tentacled starspawn (Abyss:3)
  A very ugly thing (Vaults:2)
  A deep elf annihilator (Elf:3)
  A crystal guardian (Vaults:2)
  A naga warrior (Snake:4)
  A thrashing horror (Abyss:3)
  A skeletal warrior (D:15)
  A salamander mystic (Snake:4)
  A shadow wraith (Abyss:3)
  An ironbound convoker (Vaults:1)
  A large abomination (Lair:5)
  2 ugly things (Lair:5)
  An elf zombie (Vaults:2)
  A naga mage (Snake:1)
  A salamander (Snake:4)
  A merfolk siren (Shoals:3)
  A merfolk (Shoals:3)
  A slime creature (D:15)
  A blink frog (Lair:5)
  An air elemental (Elf:3)
  A water elemental (Shoals:3)
  A small abomination (Abyss:3)
  A naga (Snake:4)
  A water moccasin (Lair:5)
  An orc warrior (Orc:1)
  A bullfrog (D:9)
  A hell rat (Lair:5)
  2 gnolls (Orc:2)
  3 orcs
33 creatures vanquished.

Vanquished Creatures (others)
  A dire elephant (Vaults:1)
  A vault guard (D:13)
  A deep elf knight (Elf:3)
  A deep elf archer (Elf:2)
  A wizard (Vaults:2)
  A rime drake (shapeshifter) (Elf:1)
  A yaktaur (Vaults:1)
  A naga (Snake:2)
  An orc warrior (Orc:1)
  A small abomination (Abyss:3)
  2 bushes
  30 fungi
  106 plants
  9 starspawn tentacles (Abyss:3)
  21 tentacles
  4 withered plants (Gauntlet)
182 creatures vanquished.

Grand Total: 1506 creatures vanquished

Notes
Turn   | Place    | Note
-------+----------+-------------------------------------------
     0 | D:1      | Zonian the Djinni Ice Elementalist began the quest for the
                  | Orb.
     0 | D:1      | Zonian set off with the following spells memorised: Freeze,
                  | Frozen Ramparts, Ozocubu's Armour, Summon Ice Beast.
     0 | D:1      | Reached XP level 1. HP: 15/15 MP: 0/0
   462 | D:1      | Found a faded altar of an unknown god.
   634 | D:1      | Reached XP level 2. HP: 8/21 MP: 0/0
  1880 | D:2      | Reached XP level 3. HP: 25/25 MP: 0/0
  1880 | D:2      | Learned a level 1 spell: Kiss of Death
  2006 | D:2      | Identified the +7 short sword "Xyodeuraa" {flame, rC- rN+
                  | Dex+3}
  2044 | D:2      | Found a runed translucent door.
  2045 | D:2      | Noticed Crazy Yiuf
  2451 | D:2      | Killed Crazy Yiuf
  2452 | D:2      | Reached XP level 4. HP: 1/31 MP: 0/0
  3453 | D:3      | Reached XP level 5. HP: 28/35 MP: 0/0
  3453 | D:3      | Learned a level 2 spell: Wereblood
  4182 | D:3      | Found a white marble altar of Elyvilon.
  4938 | D:4      | Reached XP level 6. HP: 32/40 MP: 0/0
  5382 | D:4      | Reached XP level 7. HP: 30/45 MP: 0/0
  5382 | D:4      | Learned a level 2 spell: Searing Ray
  5472 | D:4      | Noticed Menkaure
  5476 | D:4      | Killed Menkaure
  5477 | D:4      | Reached skill level 5 in Dodging
  5590 | D:4      | Found a burning altar of Makhleb.
  5718 | D:4      | Noticed Duvessa
  5721 | D:4      | Found a staircase to the Ecumenical Temple.
  5727 | Temple   | Entered the Ecumenical Temple
  5841 | D:5      | Entered Level 5 of the Dungeon
  5868 | D:5      | Identified the +3 scale mail of the Lich-sworn {*Corrode
                  | rElec Int+2 Stlth+}
  6412 | D:5      | Reached XP level 8. HP: 43/50 MP: 0/0
  7130 | D:5      | Reached skill level 5 in Stealth
  7130 | D:5      | Reached skill level 5 in Spellcasting
  8090 | D:6      | Identified the +1 robe of Summertime {rN+ Will+}
  8125 | D:6      | Found a sacrificial altar of Ru.
  8705 | D:6      | Reached skill level 1 in Shields
  8745 | D:6      | Reached XP level 9. HP: 52/55 MP: 0/0
  8745 | D:6      | Learned a level 3 spell: Teleport Other
  9978 | D:7      | Noticed Pikel
 10706 | D:6      | Reached skill level 1 in Short Blades
 11067 | D:6      | Found a snail-covered altar of Cheibriados.
 11373 | D:7      | Killed Pikel
 11597 | D:7      | Reached XP level 10. HP: 60/60 MP: 0/0
 11876 | D:8      | Noticed Prince Ribbit
 11886 | D:8      | Killed Prince Ribbit
 11911 | D:8      | Found a sand-covered staircase.
 11919 | Ossuary  | Entered an ossuary
 12284 | D:8      | Noticed an orange demon
 12296 | D:8      | Noticed Amaemon
 12298 | D:8      | Killed an orange demon
 12311 | D:8      | Killed Amaemon
 12781 | D:8      | Reached skill level 5 in Short Blades
 13018 | D:4      | Found a bloodstained altar of Trog.
 13018 | D:4      | Noticed Dowan
 13019 | D:4      | Killed Duvessa
 13022 | D:4      | Killed Dowan
 13190 | D:3      | Became a worshipper of Elyvilon the Healer
 13845 | D:8      | Reached XP level 11. HP: 58/65 MP: 0/0
 13845 | D:8      | Learned a level 5 spell: Freezing Cloud
 14636 | D:9      | Found a staircase to the Lair.
 14661 | D:9      | Reached * piety under Elyvilon
 14702 | D:9      | Found Qalinecka's Lightly-Used Armoury.
 14802 | D:9      | Reached skill level 1 in Fighting
 14804 | D:9      | Found a hazy altar of Hepliaklqana.
 14807 | D:9      | Found a shimmering altar of Xom.
 14807 | D:9      | Found a sparkling altar of Nemelex Xobeh.
 14820 | D:9      | Found a glowing silver altar of Zin.
 14824 | D:9      | Found an ornate altar of the Wu Jian Council.
 15057 | D:9      | Reached skill level 2 in Fighting
 15088 | D:10     | Entered Level 10 of the Dungeon
 15149 | D:10     | Reached skill level 3 in Fighting
 15409 | D:10     | Reached skill level 4 in Fighting
 15553 | D:10     | Found an opulent altar of Gozag.
 15554 | D:10     | Found a broken altar of Ashenzari.
 15578 | D:10     | Reached ** piety under Elyvilon
 15593 | D:10     | Noticed Grum
 15605 | D:10     | Killed Grum
 15722 | D:10     | Noticed Joseph
 15817 | D:10     | Killed Joseph
 15828 | D:10     | Noticed a two-headed ogre
 15830 | D:10     | Killed a two-headed ogre
 15913 | D:10     | Reached skill level 5 in Fighting
 15944 | D:10     | You are sucked into a shaft and drop 1 floor!
 16196 | Lair:1   | Entered Level 1 of the Lair of Beasts
 16211 | Lair:1   | Found a gate leading to a gauntlet.
 16236 | Lair:1   | Reached XP level 12. HP: 64/82 MP: 0/0
 16242 | Lair:1   | Reached skill level 6 in Fighting
 16251 | Lair:1   | Noticed a boulder beetle
 16293 | Lair:1   | Reached skill level 7 in Fighting
 16296 | Lair:1   | Reached skill level 10 in Spellcasting
 16308 | Lair:1   | Killed a boulder beetle
 16350 | Gauntlet | Entered a Gauntlet
 16350 | Gauntlet | Found a transporter.
 16361 | Gauntlet | Found a transporter.
 16362 | Gauntlet | Found a transporter.
 16378 | Gauntlet | Found a transporter.
 16435 | Gauntlet | Noticed a catoblepas
 16456 | Gauntlet | Noticed a sea snake
 16465 | Gauntlet | Found a transporter.
 16465 | Gauntlet | Found a transporter.
 16466 | Gauntlet | Noticed a catoblepas
 16471 | Gauntlet | Found a transporter.
 16473 | Gauntlet | Noticed a death scarab
 16479 | Gauntlet | Killed a sea snake
 16518 | Gauntlet | Noticed a death scarab
 16634 | Gauntlet | Found a transporter.
 16636 | Gauntlet | Identified the +2 cloak "Datiwnil" {Dex+7}
 16647 | Gauntlet | Killed a catoblepas
 16648 | Gauntlet | Reached skill level 8 in Fighting
 16706 | Gauntlet | Noticed a minotaur
 16716 | Gauntlet | Killed a minotaur
 16967 | Lair:1   | Found a transporter.
 16969 | Lair:1   | Found a transporter.
 16969 | Lair:1   | Noticed a boulder beetle
 16979 | Lair:1   | Noticed elisander's ghost (journeyman DsBr)
 17090 | Lair:1   | Reached skill level 1 in Invocations
 17453 | Lair:1   | Found a transporter.
 17485 | Lair:1   | Found a transporter.
 17538 | Lair:1   | Reached *** piety under Elyvilon
 17826 | Lair:2   | Found a staircase to the Shoals.
 18176 | Lair:2   | Noticed Urug
 18248 | Lair:2   | Reached XP level 13. HP: 93/93 MP: 0/0
 18248 | Lair:2   | Learned a level 5 spell: Metabolic Englaciation
 18421 | Lair:2   | Reached **** piety under Elyvilon
 18608 | Lair:2   | Killed Urug
 18639 | Lair:2   | Reached skill level 9 in Fighting
 18729 | Lair:2   | Found a broken altar of Ashenzari.
 19525 | Lair:3   | Noticed Snorg
 20210 | Lair:3   | Killed Snorg
 20252 | Lair:3   | Identified a scroll of acquirement
 20252 | Lair:3   | Acquired the ring "Yjuell" {Fire rElec Dex-5 SInv}
 20664 | Lair:3   | Found a staircase to the Snake Pit.
 21639 | Lair:4   | Reached ***** piety under Elyvilon
 21674 | Lair:4   | Reached skill level 5 in Invocations
 21702 | Lair:4   | Noticed Sonja
 21718 | Lair:4   | Killed Sonja
 22159 | Lair:4   | Noticed a six-headed hydra
 22174 | Lair:4   | Killed a six-headed hydra
 22175 | Lair:4   | Reached skill level 10 in Fighting
 22722 | Lair:5   | Entered Level 5 of the Lair of Beasts
 22747 | Lair:5   | Noticed a catoblepas
 22823 | Lair:5   | Noticed a four-headed hydra
 22853 | Lair:5   | Killed a four-headed hydra
 22971 | Lair:5   | Noticed a five-headed hydra
 22993 | Lair:5   | Killed a five-headed hydra
 22994 | Lair:5   | Reached XP level 14. HP: 77/103 MP: 0/0
 23134 | Lair:5   | Found a viscous altar of Jiyva.
 23135 | Lair:5   | Found a staircase to the Slime Pits.
 23174 | Lair:5   | Noticed Josephine
 23193 | Lair:5   | Killed Josephine
 24847 | Lair:5   | Reached skill level 11 in Fighting
 25338 | Lair:5   | Found a corrupted altar of Lugonu.
 25338 | Lair:5   | Found a one-way gate to the infinite horrors of the Abyss.
 26506 | D:11     | Reached skill level 1 in Armour
 26513 | D:11     | Acquired a manual of Long Blades
 27245 | D:12     | Reached XP level 15. HP: 59/111 MP: 0/0
 27245 | D:12     | Learned a level 6 spell: Death Channel
 27573 | D:12     | Found Faq Fih's Book Boutique.
 27592 | D:12     | Bought a manual of Fighting for 1280 gold pieces
 27686 | D:12     | Found Ciessud's Magic Scroll Emporium.
 28347 | D:12     | Found a staircase to the Orcish Mines.
 28348 | D:12     | Identified the +7 mace of Ymmel {spect, *Slow Str+7 Dex+4
                  | Stlth+}
 28457 | D:13     | Noticed Rupert
 28471 | D:13     | Paralysed by Rupert for 4 turns
 28735 | D:13     | Reached skill level 12 in Fighting
 28833 | D:13     | Found a portal to a secret trove of treasure.
 29350 | D:13     | Identified the +9 broad axe of Embarrassment {antimagic,
                  | Str+4}
 29873 | D:13     | Found a gate to the Vaults.
 30165 | D:13     | Found Kuditebb's Book Shop.
 30272 | D:14     | Noticed Frances
 30295 | D:14     | Killed Frances
 30437 | D:14     | Noticed Lodul
 30457 | D:13     | HP: 4/113 [phantasmal warrior[a death knight] (28)]
 31163 | D:14     | Reached skill level 10 in Short Blades
 31179 | D:14     | Reached skill level 13 in Fighting
 31182 | D:14     | Reached skill level 5 in Armour
 31200 | D:14     | Found Seguoz's Specific Store.
 31200 | D:14     | Found Zaten's General Store.
 31223 | D:14     | Killed Lodul
 31546 | D:14     | Bought a +0 hat of willpower for 165 gold pieces
 31560 | D:14     | Bought a scroll of teleportation for 48 gold pieces
 32238 | D:14     | Noticed Azrael
 32260 | D:14     | Killed Azrael
 32803 | Orc:1    | Entered Level 1 of the Orcish Mines
 32991 | Orc:1    | Reached skill level 1 in Evocations
 32997 | Orc:1    | Reached XP level 16. HP: 121/122 MP: 0/0
 33144 | Orc:2    | Entered Level 2 of the Orcish Mines
 33144 | Orc:2    | Reached ****** piety under Elyvilon
 33144 | Orc:2    | Found a burning altar of Makhleb.
 33543 | Orc:2    | Reached skill level 14 in Fighting
 33844 | Orc:2    | Found Unommaty's Armour Shoppe.
 34469 | Orc:2    | Found Diweepra's Antique Armour Boutique.
 34472 | Orc:2    | Found Filonuow's Antique Weapon Shop.
 34581 | Orc:2    | Found Gipnaguj's General Store.
 34586 | Orc:2    | Bought a potion of curing for 33 gold pieces
 34586 | Orc:2    | Bought a potion of cancellation for 88 gold pieces
 34586 | Orc:2    | Bought a scroll of blinking for 82 gold pieces
 34657 | Orc:2    | Found a staircase to the Elven Halls.
 36631 | D:14     | Found Mipp's Antique Weapon Shoppe.
 36755 | D:15     | Entered Level 15 of the Dungeon
 36958 | D:15     | Reached skill level 15 in Fighting
 37500 | D:15     | Found a runed translucent gate.
 37508 | D:15     | Found a runed translucent gate.
 37508 | D:15     | Found a runed translucent gate.
 37512 | D:15     | Noticed porpoise's ghost (journeyman MfMo)
 37653 | D:15     | Found an opulent altar of Gozag.
 38148 | D:15     | Reached skill level 5 in Evocations
 38336 | D:15     | Found Beehu's Magic Scroll Shoppe.
 38424 | D:15     | Bought a scroll of enchant armour for 127 gold pieces
 38424 | D:15     | Bought a scroll of summoning for 161 gold pieces
 38424 | D:15     | Bought a scroll of summoning for 161 gold pieces
 38424 | D:15     | Bought a scroll of fog for 68 gold pieces
 38611 | D:15     | Found Rigge's Antique Armour Emporium.
 38619 | D:15     | Bought a scorched scale mail for 279 gold pieces
 38619 | D:15     | Identified the +7 scale mail "Fetuh" {Int+2} (You bought it
                  | in a shop on level 15 of the Dungeon)
 38669 | D:15     | Found a staircase to the Depths.
 39002 | Snake:1  | Entered Level 1 of the Snake Pit
 39704 | Snake:1  | Reached skill level 16 in Fighting
 40196 | Snake:1  | Found Mobrurgha's Magic Scroll Shoppe.
 40211 | Snake:1  | Bought a scroll of blinking for 82 gold pieces
 40211 | Snake:1  | Bought a scroll of teleportation for 33 gold pieces
 40564 | Snake:2  | Noticed Aizul
 40575 | Snake:1  | Reached XP level 17. HP: 114/133 MP: 0/0
 40575 | Snake:1  | Learned a level 6 spell: Eringya's Noxious Bog
 40899 | Snake:2  | Killed Aizul
 41766 | Snake:2  | Found Juqus's Book Shoppe.
 41771 | Snake:2  | Found Zielacw's Distillery.
 41983 | Snake:2  | Bought a potion of heal wounds for 100 gold pieces
 41983 | Snake:2  | Bought 2 potions of might for 160 gold pieces
 43428 | Snake:3  | Reached skill level 17 in Fighting
 45677 | Snake:3  | Found Epaw's Jewellery Emporium.
 45686 | Snake:3  | Found Juhoelib's Book Boutique.
 45687 | Snake:3  | Found Haticeom's Jewellery Emporium.
 47253 | Snake:4  | Entered Level 4 of the Snake Pit
 47788 | Snake:4  | Found an opulent altar of Gozag.
 48441 | Snake:4  | Noticed Vashnia
 50239 | Snake:4  | Reached XP level 18. HP: 123/144 MP: 0/0
 50251 | Snake:4  | Reached skill level 10 in Invocations
 50885 | Snake:4  | Reached skill level 18 in Fighting
 51777 | Snake:4  | Identified the +2 leather armour of Noon {-Tele rN++ Str+5}
 53048 | Snake:4  | Got a serpentine rune of Zot
 53436 | Shoals:1 | Entered Level 1 of the Shoals
 54300 | Shoals:1 | Noticed a kraken
 54338 | Shoals:2 | You are sucked into a shaft and drop 1 floor!
 54346 | Shoals:3 | Noticed Ilsuiw
 54397 | Shoals:3 | Reached skill level 15 in Spellcasting
 55111 | Shoals:2 | Reached XP level 19. HP: 141/152 MP: 0/0
 55111 | Shoals:2 | Learned a level 7 spell: Ozocubu's Refrigeration
 55934 | Shoals:3 | Killed Ilsuiw
 56116 | Shoals:3 | Reached skill level 19 in Fighting
 56445 | Shoals:3 | Noticed Mlioglotl
 57296 | Shoals:3 | Killed Mlioglotl
 57814 | Shoals:4 | Entered Level 4 of the Shoals
 58439 | Shoals:4 | Got a barnacled rune of Zot
 58864 | Shoals:4 | HP: 3/154 [alligator snapping turtle (40)]
 59212 | Shoals:4 | Identified the ring of Keevaihi {Wiz rF++ rC- Int+6}
 59599 | Snake:1  | Bought 3 scrolls of enchant armour for 247 gold pieces
 60029 | Elf:1    | Entered Level 1 of the Elven Halls
 61542 | Elf:1    | Acquired a +3 quick blade of electrocution
 61573 | Elf:1    | Noticed a Hell Sentinel
 61711 | Abyss:3  | Cast into level 3 of the Abyss (+1 long sword of
                  | distortion)
 62351 | Abyss:3  | Reached XP level 20. HP: 41/186 MP: 0/0
 62374 | Abyss:3  | HP: 7/186 [tentacled starspawn (30)]
 62374 | Abyss:3  | HP: 2/186 [tentacled starspawn (5)]
 63008 | Elf:1    | Escaped the Abyss
 63012 | Elf:1    | Reached skill level 10 in Dodging
 63749 | Elf:1    | Upgraded the game from 0.30-a0-305-g026cb31310 to
                  | 0.30-a0-310-g7d6cbdfea6
 63808 | Elf:2    | Found Hef Soe's Weapon Boutique.
 63952 | Elf:2    | Reached skill level 10 in Evocations
 64656 | Elf:2    | Found Leadyasa's Weapon Shoppe.
 65392 | Elf:2    | Found a huge runed translucent gate.
 65392 | Elf:2    | Found a huge runed translucent gate.
 65392 | Elf:2    | Found a huge runed translucent gate.
 65392 | Elf:2    | Found a huge runed translucent gate.
 65412 | Elf:2    | Found a huge runed translucent gate.
 65789 | Elf:3    | Entered Level 3 of the Elven Halls
 65794 | Elf:3    | Paralysed by an air elemental for 1 turns
 65799 | Elf:3    | Paralysed by an air elemental for 1 turns
 67317 | Elf:3    | Reached skill level 1 in Throwing
 67656 | Elf:3    | Noticed Bai Suzhen
 67802 | Elf:3    | Identified Roxanne's Writings on Geology
 67802 | Elf:3    | Noticed Roxanne
 68765 | Vaults:1 | Entered Level 1 of the Vaults
 69782 | Vaults:1 | Elyvilon protects you from harm!
 70065 | Vaults:1 | Reached XP level 21. HP: 125/167 MP: 0/0
 70065 | Vaults:1 | Learned a level 7 spell: Orb of Destruction
 72715 | Vaults:1 | Reached skill level 15 in Invocations
 74404 | Vaults:1 | Glimpsed the power of Zot.
 74641 | Orc:2    | Bought the +3 leather armour "Mefrec" {rElec Str+4 SInv}
                  | for 784 gold pieces
 74904 | Elf:3    | Killed Bai Suzhen
 75113 | Elf:3    | Identified the +1 robe of Vlad {*Slow Regen+ rCorr}
 75126 | Elf:3    | Identified the +2 ring mail of Gravitas {Harm rElec rC-
                  | Stlth+}
 75424 | Elf:3    | Identified the +1 chain mail of the Shining Light {rPois
                  | Will+ Int+4}
 76215 | Elf:3    | Identified the +1 ring mail of Divine Intervention {rC+
                  | Will+}
 76997 | Elf:3    | Identified the +8 hand axe "Loqiwob" {vamp, rPois Str+4}
 76997 | Elf:3    | Identified the ring "Notimn" {Ice Str-5 Int+3 Stlth+}
 78799 | Vaults:2 | Identified the +1 plate armour "Efrypn" {rPois}
 78813 | Vaults:2 | Elyvilon protects you from harm!
 79805 | Vaults:2 | Reached XP level 22. HP: 116/174 MP: 0/0
 79977 | Vaults:2 | Noticed Boris
 81053 | Vaults:2 | Killed from afar by Boris

Illustrated notes

Levels and vault maps discovered:
D:1:      erik_arrival_cave_to_civilisation [erik_arrival_cave_to_hall],
          layout_loops_ring, hellmonk_ecumenical_altar_inner_sanctum
D:2:      layout_basic, uniq_crazy_yiuf_cottage
D:3:      layout_rooms, elyvilon_altar_5, minmay_goblin_kobold_house
D:4:      layout_rooms, bloody_trog, mainiacjoe_overflow_alcove_2,
          minmay_temple_entry_wispy, uniq_menkaure, uniq_duvessa
D:5:      layout_basic, kennysheep_generic_room_16
D:6:      layout_loops_ring, chei_slow_surprise, kennysheep_mini_moat,
          hangedman_decor_lopped, dk_vineyard_2, dreamdust_princess_bridge,
          centaur_isle
D:7:      layout_loops_ring, uniq_pikel
D:8:      layout_loops_ring, enter_ossuary_4, uniq_amaemon, uniq_prince_ribbit1
D:9:      wander_river, layout_loops_ring, minmay_overflow_temple_star_hex,
          roderic_lattice_a, minmay_shop_damaged
D:10:     layout_rooms, mainiacjoe_overflow_divided_tiny, grunt_ogre_cave,
          serial_bayou_lagoon_a, uniq_grum, uniq_joseph
D:11:     layout_loops_ring
D:12:     layout_basic, orc_0_dummy, serial_shops, nicolae_shop_statue_plus,
          minmay_misc_feat_ornament, st_stairs_5, nicolae_wooded_promenade,
          hangedman_weighted_door, grunt_decor_cap, worms_lemuel
D:13:     layout_basic, ximxim_vaults_locker_room, nicolae_trove_entry_columns,
          serial_shops, nicolae_shop_hallway_plus, uniq_rupert
D:14:     layout_roguey, kennysheep_doodads, serial_shops,
          nicolae_shop_advertising_works [nicolae_subvault_shop_adworks],
          nicolae_specific_store, uniq_frances, uniq_lodul, uniq_azrael
D:15:     hangedman_depths_entry_try_elsewhere_first, layout_basic,
          ebering_ghost_rock_garden, serial_shops, nicolae_shop_stone, shop,
          grunt_gozag_breadcrumbs
Temple:   hellmonk_temple_micro_hex
Lair:1:   gammafunk_boulding_lane, layout_hall_layers, gauntlet_entry_generic,
          gammafunk_ghost_arena, grunt_forest_small_clearings,
          lemuel_old_faithful, lemuel_fruit_tree, serial_bayou_shore_b
Lair:2:   layout_gridlike, minmay_shoals_entry_beasts, lemuel_centaur_altar,
          uniq_urug
Lair:3:   layout_long_grid, minmay_snake_entry_guardpost_small,
          grunt_megastairs_3, uniq_snorg
Lair:4:   layout_gridlike, uniq_sonja
Lair:5:   hellmonk_lair_end_abyssal_woods, layout_regular_city, slime_entry_1,
          uniq_josephine
Shoals:1: layout_shoals
Shoals:2: layout_shoals
Shoals:3: layout_shoals, nicolae_shoals_circle_sea_wall, uniq_mlioglotl,
          uniq_ilsuiw
Shoals:4: shoals_end_grunt_ice, layout_shoals
Snake:1:  nicolae_snake_crotalidae_crossing, layout_cave_pods, serial_shops,
          shop
Snake:2:  layout_onion, grunt_ministairs_15, minmay_shop_star, uniq_aizul
Snake:3:  layout_basic, minmay_shop_grove
Snake:4:  grunt_snake_rune_spirals, layout_onion, basic_altar, st_stairs_9,
          uniq_vashnia
Orc:1:    layout_caves
Orc:2:    grunt_orc_community_town_hall, layout_caves,
          grunt_orc_community_big_house_2, grunt_orc_community_big_house_2,
          grunt_orc_community_house_2, grunt_orc_community_house_2,
          grunt_orc_community_house_2, grunt_orc_community_house_3,
          grunt_orc_community_house_3, basic_altar
Elf:1:    layout_onion_city, evilmike_minifort
Elf:2:    elven_hall_of_blades_hangedman_alternative
          [nicolae_blade_entry_antechamber], layout_geoelf_grid, serial_shops,
          nicolae_shop_waterfront, nicolae_stop_n_shop_1
Elf:3:    elf_hall, layout_loops_cross, uniq_roxanne, uniq_bai_suzhen
Vaults:1: vaults_room_pool, nicolae_vaults_network_barrier, st_octagons_2,
          v_misc_8, v_misc_31, vaults_dpeg_doors, vaults_dpeg_encased_lava,
          vaults_mumra_minichess_inversion, v_rooms_3,
          grunt_vaults_hallway_long, nicolae_vaults_what_the_h,
          layout_vaults_chaotic_city
Vaults:2: v_misc_5, nicolae_vaults_big_ls, v_alt_pattern_6, st_greater_box_3,
          v_misc_19, nicolae_vaults_little_squares_5,
          nicolae_vaults_little_squares_2, ontoclasm_vaults_chip,
          vaults_mumra_hexcomb, nicolae_vaults_little_squares_5,
          layout_vaults_omnicross, uniq_boris

Skill      XL: |  1  2  3  4  5  6  7  8  9 10 11 12 13 14 15 16 17 18 19 20 21 |
---------------+----------------------------------------------------------------+-----
Stealth        | 2 3 4 5 7 8 9 |  9.5
Dodging        | 3 4 5 7 8 9 10 | 10.1
Spellcasting   | 4 5 7 9 10 11 12 13 14 15 16 | 16.6
Shields        | 1 3 4 |  4.0
Short Blades   | 2 5 7 9 10 | 10.0
Fighting       | 5 8 10 11 13 16 17 18 19 | 19.6
Invocations    | 2 5 7 8 9 11 12 14 17 | 17.1
Armour         | 1 5 |  5.0
Evocations     | 1 6 8 9 10 | 10.0
Throwing       | 4 |  4.0

Action                   |  1- 3 |  4- 6 |  7- 9 | 10-12 | 13-15 | 16-18 | 19-21 | 22-24 || total
-------------------------+-------+-------+-------+-------+-------+-------+-------+-------++-------
Melee: Short sword       |    12 |    44 |    92 |   315 |  1098 |  1341 |   678 |       ||  3580
       Dagger            |       |       |       |     4 |       |       |       |       ||     4
       Quick blade       |       |       |       |       |       |       |  1384 |   109 ||  1493
       Broad axe         |       |       |       |       |       |       |     7 |       ||     7
 Fire: Sling             |    56 |    58 |    73 |    31 |    68 |    94 |   109 |     4 ||   493
Throw: Throwing net      |       |       |       |     1 |       |     1 |     5 |     1 ||     8
       Javelin           |       |       |       |       |     1 |       |     1 |     1 ||     3
       Dart              |       |       |       |       |     2 |       |     1 |       ||     3
       Boomerang         |       |       |       |       |       |     1 |       |       ||     1
 Cast: Freeze            |    13 |    30 |     2 |       |     4 |       |     1 |       ||    50
       Frozen Ramparts   |       |     2 |     8 |    28 |    51 |    47 |    33 |     2 ||   171
       Searing Ray       |       |       |    26 |    34 |    38 |    93 |    47 |       ||   238
       Ozocubu's Armour  |       |       |     1 |     1 |    24 |    17 |    21 |     1 ||    65
       Summon Ice Beast  |       |       |       |     2 |     9 |    13 |    20 |     2 ||    46
       Metabolic Englaci |       |       |       |       |    10 |    17 |    68 |     2 ||    97
       Wereblood         |       |       |       |       |     1 |       |     3 |       ||     4
       Teleport Other    |       |       |       |       |     3 |     2 |     1 |       ||     6
       Freezing Cloud    |       |       |       |       |     1 |    75 |    55 |     1 ||   132
       Eringya's Noxious |       |       |       |       |       |       |    27 |     1 ||    28
       Ozocubu's Refrige |       |       |       |       |       |       |     2 |       ||     2
Invok: Heal Other        |       |       |       |       |     9 |     6 |     5 |       ||    20
       Heal Self         |       |       |       |       |     6 |     6 |    34 |       ||    46
       Divine Vigour     |       |       |       |       |       |       |     2 |       ||     2
Evoke: Wand              |       |       |       |       |    11 |    30 |    40 |     5 ||    86
       Piece from Xom's  |       |       |       |       |     1 |       |     1 |       ||     2
  Use: Scroll            |       |     7 |     6 |     8 |    16 |     9 |    26 |     1 ||    73
       Potion            |       |       |       |     5 |     6 |     2 |    14 |     3 ||    30
 Stab: Sleeping          |     2 |     2 |     3 |    11 |    18 |    28 |    19 |       ||    83
       Held in net/web   |       |       |       |     1 |       |     2 |     5 |       ||     8
       Distracted        |       |       |       |       |     7 |     7 |     7 |     1 ||    22
       Petrifying        |       |       |       |       |       |       |     1 |       ||     1
Armor: Robe              |    11 |    11 |    38 |    47 |   125 |       |       |       ||   232
       Ring mail         |       |       |       |       |   108 |   265 |   279 |    25 ||   677
       Scale mail        |       |       |       |       |       |       |    81 |       ||    81
       Leather armour    |       |       |       |       |       |       |    17 |       ||    17
Dodge: Dodged            |    14 |    62 |   134 |   217 |   665 |   725 |   766 |    53 ||  2636
Block: Buckler           |       |       |    43 |    96 |   377 |   412 |   714 |    43 ||  1685
       Reflection        |       |       |       |       |       |       |    31 |     2 ||    33

Table legend: (Time is in decaauts)
 A = Elapsed time spent in this place.
 B = Non-inter-level travel time spent in this place.
 C = Inter-level travel time spent in this place.
 D = Time resting spent in this place.
 E = Time spent auto-exploring this place.
 F = Levels seen in this place.
 G = Mean time per level.
                   A        B        C        D        E       F      G
               +--------+--------+--------+--------+--------+-----+--------+
         Total |  78893 |  74794 |   4099 |  39579 |  16543 |  39 | 2022.9 |
       Dungeon |  26495 |  24754 |   1741 |  11889 |   7771 |  15 | 1766.3 |
        Temple |     33 |     33 |      0 |      0 |      0 |   1 |   33.0 |
          Lair |   9393 |   8878 |    515 |   4042 |   2537 |   5 | 1878.6 |
        Shoals |   5785 |   5630 |    155 |   2427 |    657 |   4 | 1446.2 |
     Snake Pit |  14404 |  13554 |    850 |   9077 |   2312 |   4 | 3601.0 |
  Orcish Mines |   2970 |   2559 |    411 |    887 |    932 |   2 | 1485.0 |
   Elven Halls |  10709 |  10353 |    356 |   6104 |   1387 |   3 | 3569.7 |
        Vaults |   7318 |   7250 |     68 |   4502 |    914 |   2 | 3659.0 |
         Abyss |    933 |    933 |      0 |    358 |      0 |   1 |  933.0 |
       Ossuary |    266 |    266 |      0 |      0 |      0 |   1 |  266.0 |
      Gauntlet |    582 |    582 |      0 |    291 |     32 |   1 |  582.0 |
               +--------+--------+--------+--------+--------+-----+--------+

Top non-repeatable levels by time:
 Snake:3: 6208 daAuts
   Elf:3: 6047 daAuts
Vaults:1: 5092 daAuts
 Snake:4: 3773 daAuts
  Lair:5: 3127 daAuts
    D:13: 3062 daAuts
    D:14: 2718 daAuts
 Snake:2: 2637 daAuts
   Elf:1: 2551 daAuts
     D:6: 2438 daAuts
     D:5: 2286 daAuts
Vaults:2: 2226 daAuts
     D:2: 2201 daAuts
  Lair:2: 2130 daAuts
   Elf:2: 2110 daAuts
